 Dungeon Crawl Stone Soup version 0.29.0-13-gc9e81de378 (webtiles) character file.

Game seed: 3960503459608684210

9048 groovy9 the Cleaver (level 11, -8/90 HPs)
             Began as a Hill Orc Fighter on Sept 10, 2022.
             Was an Elder of Okawaru.
             Engulfed by a cloud of flame (11 damage)
             ... on level 9 of the Dungeon.
             The game lasted 00:26:36 (9945 turns).

groovy9 the Cleaver (Hill Orc Fighter)              Turns: 9945, Time: 00:26:36

Health: -8/90      AC: 14    Str: 29    XL:     11   Next: 40%
Magic:  18/18      EV: 12    Int:  8    God:    Okawaru [****..]
Gold:   370        SH:  0    Dex: 10    Spells: 10/10 levels left

rFire   . . .      SeeInvis .   a - +3 war axe
rCold   + . .      Faith    .   j - +0 kite shield
rNeg    . . .      Spirit   .   i - +0 troll leather armour
rPois   +          Reflect  .   (no helmet)
rElec   .          Harm     .   g - +0 cloak
rCorr   .          Rampage  .   c - +2 pair of gloves of Shadows and Fog {Will+ Str+5}
Will    +....                   e - +1 pair of boots
Stlth   +.........              (no amulet)
HPRegen 1.05/turn               k - ring of poison resistance
MPRegen 0.16/turn               u - ring of protection from cold

@: confused, heroic, ambrosia-drunk
A: frail 1
a: Renounce Religion, Heroism, Finesse


You were on level 9 of the Dungeon.
You worshipped Okawaru.
Okawaru was greatly pleased with you.
You visited 1 branch of the dungeon, and saw 9 of its levels.

You collected 595 gold pieces.
You spent 225 gold pieces at shops.

Inventory:

Hand Weapons
 a - a +3 war axe (weapon)
Armour
 c - the +2 pair of gloves of Shadows and Fog (worn) {Will+ Str+5}
   (You acquired it on level 2 of the Dungeon)

   Str:       It affects your strength (+5).
   Will:      It increases your willpower.
 e - a +1 pair of boots (worn)
 g - a +0 cloak (worn)
 i - a +0 troll leather armour (worn)
 j - a +0 kite shield (worn)
 l - a +0 chain mail of willpower
 p - the +0 ring mail "Huiletewy" {Drain Str+6 Dex+4}
   (You bought it in a shop on level 7 of the Dungeon)

   Str:       It affects your strength (+6).
   Dex:       It affects your dexterity (+4).
   Drain:     It drains your maximum health when unequipped.
Jewellery
 k - a ring of poison resistance (left hand)
 u - a ring of protection from cold (right hand)
Wands
 q - a wand of light (5)
Scrolls
 o - a scroll of amnesia
Potions
 b - 5 potions of attraction
 d - a potion of might
 f - 5 potions of haste
 h - a potion of cancellation
 m - a potion of degeneration
 n - 3 potions of ambrosia
 r - a potion of magic
 s - a potion of brilliance
 t - 2 potions of invisibility
Miscellaneous
 v - a lightning rod (4/4)


   Skills:
 + Level 10.2(15.2) Fighting
 + Level 13.0(18.0) Axes
 + Level 9.4(14.4) Armour
 + Level 5.9(10.9) Shields
 + Level 10.3 Invocations


You had 10 spell levels left.
You didn't know any spells.
Your spell library contained the following spells:

 Spells                   Type           Power      Damage    Failure   Level
 Necrotise                Necr           0%         1d4       71%         1
 Blink                    Tloc           0%         N/A       83%         2
 Lesser Beckoning         Tloc           0%         N/A       97%         3
 Portal Projectile        Hex/Tloc       0%         N/A       97%         3
 Vampiric Draining        Necr           0%         2d6       97%         3
 Leda's Liquefaction      Hex/Erth       0%         N/A       100%        4
 Agony                    Necr           0%         N/A       100%        5
 Blade Hands              Tmut           0%         N/A       100%        5
 Manifold Assault         Tloc           0%         N/A       100%        5
 Call Canine Familiar     Summ           Unusable   N/A       N/A         3
 Tukima's Dance           Hex            Unusable   N/A       N/A         3

Dungeon Overview and Level Annotations

Branches:
Dungeon (9/15)             Temple (0/1) D:7
   Lair: D:8-11         Orc: D:9-12

Altars:
Ashenzari
Dithmenos
Fedhas
Gozag
Hepliaklqana
Kikubaaqudgha
Makhleb
Okawaru
Qazlal
Uskayaw
Vehumet
Yredelemnul
Zin
The Shining One

Shops:
D:7 ([[(


Innate Abilities, Weirdness & Mutations

You are frail. (-10% HP)


Message History

The tree burns like a torch!
You are too injured to fight recklessly!
You are too injured to fight recklessly!
You are too injured to fight recklessly!
You are too injured to fight recklessly!
You are too injured to fight recklessly!
You are too injured to fight recklessly!
You are too injured to fight recklessly!
You are too injured to fight recklessly!
You are too injured to fight recklessly!
You barely miss the efreet.
The efreet is moderately wounded.
The forest fire spreads!
You barely miss the efreet.
The efreet is moderately wounded.
You are engulfed in blazing flames.
The efreet gestures at you. The bolt of fire misses you.
The forest fire spreads!
You slash the efreet!
The efreet is severely wounded.
You are engulfed in blazing flames.
The efreet closely misses you.
The forest fire spreads!
Really walk into that cloud of spreading flames?
Okay, then.
You slash the efreet!
You kill the efreet!
Okawaru accepts your kill.
You are engulfed in blazing flames.
* * * LOW HITPOINT WARNING * * *
Your base Axes skill increases to level 13!
You are engulfed in blazing flames.
* * * LOW HITPOINT WARNING * * *
The forest fire spreads!
You are engulfed in blazing flames.
* * * LOW HITPOINT WARNING * * *
The forest fire spreads! x2
Okay, then.
You are confused.
You feel invigorated.
You are engulfed in blazing flames.
You die...

######## #
♣.§§§#.#♣ .♣
♣°♣§§#.#.#♣.♣
♣§§@§#8#..
♣°♣§§#.#[#
♣.§♣.#.# ###
##.## ###
♣...♣...♣...♣
♣...#...♣
♣♣♣#⌠#♣♣♣
♣...#...♣
♣...♣...♣...♣


There were no monsters in sight!

Vanquished Creatures
  An ogre mage (D:9)
  A two-headed ogre (D:9)
  Pikel (D:7)
  A manticore (D:9)
  A cyclops (D:9)
  Joseph (D:7)
  A gargoyle (D:7)
  An efreet (D:9)
  3 trolls (D:8)
  Grinder (D:5)
  2 hornets (D:8)
  Prince Ribbit (D:7)
  A shadow (D:8)
  3 yaks (D:8)
  A wyvern (D:8)
  3 steam dragons
  A water moccasin (D:9)
  Duvessa (D:5)
  4 orc warriors
  A black bear (D:7)
  4 ice beasts
  4 ogres
  5 centaurs
  4 lemures (D:7)
  A gnoll sergeant (D:9)
  4 bullfrogs
  A necrophage (D:8)
  2 scorpions
  4 wights
  Dowan (D:5)
  3 howler monkeys
  2 hounds
  6 orc priests
  3 iguanas
  Terence (D:3)
  6 orc wizards (D:8)
  8 adders
  A white imp (D:7)
  2 ufetubi
  2 worms (D:2)
  2 dart slugs
  18 orcs
  2 bat zombies (D:3)
  6 endoplasms
  5 giant cockroaches
  5 goblins
  8 hobgoblins
  10 jackals
  A quokka (D:4)
  6 ball pythons
  5 bats
  3 frilled lizards
  11 kobolds
  4 rats
  3 rat zombies (D:3)
  A bush (D:8)
184 creatures vanquished.

Notes
Turn   | Place    | Note
-------+----------+-------------------------------------------
     0 | D:1      | groovy9 the Hill Orc Fighter began the quest for the Orb.
     0 | D:1      | Reached XP level 1. HP: 19/19 MP: 1/1
    82 | D:1      | Reached skill level 3 in Axes
   210 | D:1      | Reached XP level 2. HP: 26/26 MP: 2/2
   337 | D:1      | Reached skill level 4 in Axes
   659 | D:1      | Reached XP level 3. HP: 31/31 MP: 3/3
  1219 | D:2      | Reached skill level 5 in Axes
  1596 | D:2      | Reached XP level 4. HP: 39/39 MP: 4/4
  2150 | D:2      | Identified a scroll of acquirement
  2150 | D:2      | Acquired the +2 pair of gloves of Shadows and Fog {Will+
                  | Str+5}
  2235 | D:3      | Reached skill level 6 in Axes
  2290 | D:3      | Found a glowing golden altar of the Shining One.
  2294 | D:3      | Found a basalt altar of Yredelemnul.
  2299 | D:3      | Found a burning altar of Makhleb.
  2311 | D:3      | Found a shadowy altar of Dithmenos.
  2314 | D:3      | Found a hide-covered altar of Uskayaw.
  2317 | D:3      | Found a blossoming altar of Fedhas.
  2318 | D:3      | Found an iron altar of Okawaru.
  2322 | D:3      | Found an opulent altar of Gozag.
  2325 | D:3      | Found a hazy altar of Hepliaklqana.
  2327 | D:3      | Found a glowing silver altar of Zin.
  2328 | D:3      | Became a worshipper of Warmaster Okawaru
  2330 | D:3      | Found a stormy altar of Qazlal.
  2388 | D:3      | Found an ancient bone altar of Kikubaaqudgha.
  2441 | D:3      | Noticed Terence
  2450 | D:3      | Killed Terence
  2462 | D:3      | Reached skill level 7 in Axes
  2462 | D:3      | Reached XP level 5. HP: 29/45 MP: 5/5
  3431 | D:4      | Reached skill level 8 in Axes
  3431 | D:4      | Reached XP level 6. HP: 51/51 MP: 6/6
  3443 | D:4      | Reached * piety under Okawaru
  3444 | D:4      | Reached skill level 1 in Invocations
  4147 | D:5      | Entered Level 5 of the Dungeon
  4272 | D:5      | Noticed Grinder
  4287 | D:5      | Killed Grinder
  4288 | D:5      | Reached XP level 7. HP: 60/60 MP: 7/9
  4323 | D:5      | Noticed Duvessa
  4330 | D:5      | Noticed Dowan
  4340 | D:5      | Killed Duvessa
  4340 | D:5      | Reached ** piety under Okawaru
  4340 | D:5      | Killed Dowan
  4341 | D:5      | Reached skill level 5 in Fighting
  4341 | D:5      | Reached skill level 9 in Axes
  4907 | D:6      | Reached XP level 8. HP: 24/69 MP: 7/11
  5153 | D:6      | Reached skill level 5 in Armour
  5194 | D:6      | Reached *** piety under Okawaru
  5195 | D:6      | Reached skill level 5 in Invocations
  5854 | D:7      | Found Awicoown's Antique Armour Shoppe.
  5863 | D:7      | Noticed Pikel
  5886 | D:7      | Killed Pikel
  5887 | D:7      | Reached skill level 10 in Axes
  5887 | D:7      | Reached XP level 9. HP: 57/79 MP: 13/13
  6028 | D:7      | Noticed Prince Ribbit
  6036 | D:7      | Killed Prince Ribbit
  6214 | D:7      | Found Radug's Weapon Shoppe.
  6254 | D:7      | Bought a distressingly furry ring mail for 225 gold pieces
  6254 | D:7      | Identified the +0 ring mail "Huiletewy" {Drain Str+6 Dex+4}
                  | (You bought it in a shop on level 7 of the Dungeon)
  6273 | D:7      | Noticed Joseph
  6276 | D:7      | Reached **** piety under Okawaru
  6286 | D:7      | Killed Joseph
  6287 | D:7      | Reached skill level 11 in Axes
  6641 | D:7      | Found Yqyusuum's Antique Armour Emporium.
  6785 | D:7      | Reached XP level 10. HP: 89/89 MP: 14/16
  6801 | D:7      | Noticed a gargoyle
  6811 | D:7      | Killed a gargoyle
  7189 | D:7      | Found Pidir's Antique Weapon Shoppe.
  7189 | D:7      | Found a staircase to the Ecumenical Temple.
  7199 | D:7      | Gained mutation: You are frail. (-10% HP) [potion of
                  | mutation]
  7335 | D:7      | Found a radiant altar of Vehumet.
  7979 | D:8      | Found a broken altar of Ashenzari.
  7994 | D:8      | Reached skill level 12 in Axes
  9610 | D:8      | Reached skill level 5 in Shields
  9610 | D:8      | Reached XP level 11. HP: 35/86 MP: 18/18
  9680 | D:9      | Noticed an ogre mage
  9747 | D:9      | Killed an ogre mage
  9788 | D:9      | Noticed a manticore
  9804 | D:9      | Killed a manticore
  9805 | D:9      | Reached skill level 10 in Fighting
  9805 | D:9      | Reached skill level 10 in Invocations
  9862 | D:9      | Noticed a two-headed ogre
  9873 | D:9      | Noticed a cyclops
  9887 | D:9      | Killed a two-headed ogre
  9893 | D:9      | Killed a cyclops
  9943 | D:9      | Reached skill level 13 in Axes
  9944 | D:9      | HP: 2/90 [something (16)]
  9945 | D:9      | Engulfed by a cloud of flame

Illustrated notes

Levels and vault maps discovered:
D:1:      dpeg_arrival_rhombi, layout_basic, skrybe_limestone_x,
          minmay_pentomino_z2
D:2:      layout_loops_corners
D:3:      layout_loops_ring, lemuel_zombie_altar_kikubaaqudgha,
          nicolae_overflow_hallway_of_the_gods, uniq_terence
D:4:      layout_basic
D:5:      layout_cave_pools, uniq_duvessa, uniq_grinder
D:6:      layout_cave_pools
D:7:      layout_rooms, lemuel_doored_altar,
          minmay_temple_entry_drinking_statues, serial_shops,
          nicolae_shop_overgrown_old_shop, shop, shop, shop,
          minmay_strange_pillars, minmay_increasing_density,
          uniq_prince_ribbit1, uniq_pikel, uniq_joseph
D:8:      layout_basic, mainiacjoe_overflow_24_doors, kb_lookout_dungeons_type,
          minmay_large_rounded_square, eino_small_chamber_without_monster
D:9:      nzn_winding_woodlands_stair_cross [nzn_winding_woodlands_5x15_crooked,
          nzn_winding_woodlands_center_diamonds,
          nzn_winding_woodlands_5x15_twine, nzn_winding_woodlands_5x5_perimeter,
          nzn_winding_woodlands_5x5_three,
          nzn_winding_woodlands_5x15_concentric,
          nzn_winding_woodlands_center_pierced_h,
          nzn_winding_woodlands_5x15_jagged], layout_basic,
          nicolae_wu_jian_immortal_techniques, gammafunk_ghost_hive

Skill      XL: |  1  2  3  4  5  6  7  8  9 10 11 |
---------------+----------------------------------+-----
Axes           | 3 4 5 7 8 9 10 11 12 13 | 13.0
Invocations    | 3 4 6 8 9 10 | 10.3
Fighting       | 4 5 7 8 9 10 | 10.2
Armour         | 4 6 7 8 9 |  9.4
Shields        | 5 |  5.9

Action                   |  1- 3 |  4- 6 |  7- 9 | 10-12 || total
-------------------------+-------+-------+-------+-------++-------
Melee: War axe           |    95 |   156 |   157 |   233 ||   641
Invok: Heroism           |       |       |     5 |     8 ||    13
       Finesse           |       |       |       |     7 ||     7
  Use: Scroll            |     3 |     4 |     4 |     4 ||    15
       Potion            |     2 |     1 |     5 |     4 ||    12
Armor: Scale mail        |    34 |    50 |       |       ||    84
       Chain mail        |       |    45 |    67 |       ||   112
       Ring mail         |       |       |    22 |    63 ||    85
       Troll leather arm |       |       |       |    21 ||    21
Dodge: Dodged            |    39 |    45 |    47 |   102 ||   233
Block: Buckler           |    19 |     6 |       |       ||    25
       Kite shield       |       |    55 |    80 |   116 ||   251
